 Dungeon Crawl Stone Soup version 0.32-a0-42-ga30500b4d3 (webtiles) character file.

Game seed: 7168957849272569004

84 grandjackal the Slasher (level 4, -6/35 HPs)
             Began as a Demonspawn Gladiator on Jan 29, 2024.
             Mangled by Ijyb
             ... wielding the +8 mace of Beogh's Castigation {flame, rN+ Str+7 Stlth-}
              (11 damage)
             ... on level 3 of the Dungeon.
             The game lasted 00:01:43 (1780 turns).

grandjackal the Slasher (Demonspawn Gladiator)      Turns: 1780, Time: 00:01:44

Health: -6/35      AC:  9    Str: 15    XL:     4   Next: 24%
Magic:  4/4        EV:  8    Int:  8    God:
Gold:   58         SH:  0    Dex: 16    Spells: 3/3 levels left

rFire   . . .        a - +0 long sword
rCold   . . .        (no shield)
rNeg    . . .        f - +0 chain mail {rPois}
rPois   +            c - +0 helmet
rElec   .            (no cloak)
rCorr   .            (no gloves)
SInv    .            (no boots)
Will    .....        (no amulet) Stlth
                     (no ring)
HPRegen 0.25/turn    (no ring)
MPRegen 0.09/turn

%: no passive effects
@: no status effects
A: hooves 1, foul stench 1, powered by pain 1
a: no special abilities


You were on level 3 of the Dungeon.
You visited 1 branch of the dungeon, and saw 3 of its levels.

You collected 58 gold pieces.

Inventory:

Hand Weapons
 a - a +0 long sword (weapon)
Missiles
 d - 3 throwing nets (quivered)
 e - a javelin
Armour
 c - a +0 helmet (worn)
 f - a +0 chain mail of poison resistance (worn)
Jewellery
 j - a +6 ring of intelligence
Scrolls
 b - a scroll of enchant weapon {unknown}
 g - a scroll of fear {unknown}
 i - a scroll of identify {unknown}
 k - a scroll of poison {unknown}
Potions
 h - a potion of mutation {unknown}


   Skills:
 + Level 3.3 Fighting
 + Level 3.6 Long Blades
 - Level 2.0 Throwing
 - Level 3.0 Dodging


You had 3 spell levels left.
You didn't know any spells.
Your spell library contained the following spells:

 Spells                   Type           Power      Damage    Failure   Level
 Necrotise                Necr           0%         1d4       100%        1
 Summon Small Mammal      Summ           0%         N/A       100%        1
 Summon Ice Beast         Ice/Summ       0%         N/A       100%        3
 Summon Forest            Summ/Tloc      0%         N/A       100%        5
 Borgnjor's Revivificati  Necr           0%         N/A       100%        8


Dungeon Overview and Level Annotations

Branches:
Dungeon (3/15)

Altars:
Xom

Annotations:
D:3 Ijyb


Innate Abilities, Weirdness & Mutations

You have large cloven feet.
You may rarely emit foul miasma when damaged in melee.
You sometimes gain a little power by taking damage.


Message History

There is a stone staircase leading down here.
You climb downwards.
There is a stone staircase leading up here.
Found a robe.
Found 6 boomerangs.
A hobgoblin comes into view.
The hobgoblin shouts!
Ijyb the Twisted Goblin comes into view.
She is wielding a +1 dagger of flaming and carrying a wand of roots.
The hobgoblin hits you but does no damage.
You hit the hobgoblin. Your kick misses the hobgoblin.
The hobgoblin is heavily wounded.
The hobgoblin barely misses you.
You hit the hobgoblin.
You kill the hobgoblin!
You see here a hobgoblin corpse.
Found a +1 dagger of flaming.
Ijyb shouts!
Ijyb screams, "You nasty!
Big nasty!"
Ijyb screams, "It's all mine!"
Found 6 gold pieces.
Ijyb zaps a wand.
The roots erupt in riotous growth!
The grasping roots grab you! The grasping roots constrict you.
You hear a shout!
You hear a loud squeak.
You escape the roots grasp.
You hit Ijyb. You kick Ijyb.
Ijyb is moderately wounded.
Ijyb hits you with the +8 mace of Beogh's Castigation {flame, rN+ Str+7 Stlth-}!
Ijyb burns you.
You hit Ijyb but do no damage. Your kick misses Ijyb.
Ijyb is moderately wounded.
Ijyb hits you but does no damage.
You closely miss Ijyb. You kick Ijyb.
Ijyb is heavily wounded.
Ijyb screams, "Me very upset!"
Ijyb hits you with the +8 mace of Beogh's Castigation {flame, rN+ Str+7 Stlth-}!
* * * LOW HITPOINT WARNING * * *
Ijyb burns you.
* * * LOW HITPOINT WARNING * * *
Ijyb hits you with the +8 mace of Beogh's Castigation {flame, rN+ Str+7 Stlth-}!
You die...

...........#..$
...............
...........#..
.............
...........#
....)......#
.......$...#
......g@...#############
.............†..........
###################..###
###..#.( #....#..
#.#.#### #.#.#.[.
#.#.#.## #.#.# #.


You could see Ijyb.

Vanquished Creatures
  Robin (D:2)
  3 adders (D:2)
  A dart slug (D:1)
  4 endoplasms
  A giant cockroach (D:2)
  6 goblins
  8 hobgoblins
  4 kobolds
  2 quokkas (D:1)
  2 ball pythons
  4 bats
  2 frilled lizards (D:2)
  4 rats
42 creatures vanquished.

Notes
Turn   | Place    | Note
-------+----------+-------------------------------------------
     0 | D:1      | grandjackal the Demonspawn Gladiator began the quest for
                  | the Orb.
     0 | D:1      | Reached XP level 1. HP: 16/16 MP: 1/1
   135 | D:1      | Gained mutation: You may rarely emit foul miasma when
                  | damaged in melee. [demonic ancestry]
   135 | D:1      | Reached XP level 2. HP: 22/22 MP: 2/2
   498 | D:1      | Got the Grimoire of the Vile Legion
   917 | D:2      | Found a shimmering altar of Xom.
   948 | D:2      | Gained mutation: You have large cloven feet. [demonic
                  | ancestry]
   948 | D:2      | Reached XP level 3. HP: 26/28 MP: 3/3
  1151 | D:2      | Found a faded altar of an unknown god.
  1323 | D:2      | Gained mutation: You sometimes gain a little power by
                  | taking damage. [demonic ancestry]
  1323 | D:2      | Reached XP level 4. HP: 32/35 MP: 4/4
  1532 | D:2      | Noticed Robin
  1538 | D:2      | Killed Robin
  1760 | D:3      | Noticed Ijyb
  1774 | D:3      | Identified the +8 mace of Beogh's Castigation {flame, rN+
                  | Str+7 Stlth-}
  1780 | D:3      | Mangled by Ijyb

Illustrated notes

Levels and vault maps discovered:
D:1:      elethiomel_arrival_infinity_welcomes_careful_drivers, layout_basic
D:2:      layout_basic, dreamdust_ecumenical_altar_statues, basic_altar,
          grunt_decor_resistance, uniq_robin
D:3:      layout_basic, mainiacjoe_overflow_alcove_1, general_overflow_altar,
          uniq_jessica, uniq_ijyb

Skill      XL: |  1  2  3 |
---------------+----------+-----
Throwing       | 2 |  2.0
Dodging        | 3 |  3.0
Long Blades    | 3 |  3.6
Fighting       | 3 |  3.3

Action                     |  1- 3 |  4- 6 || total
---------------------------+-------+-------++-------
  Melee: Long sword        |   111 |    15 ||   126
         Kick              |     8 |     4 ||    12
         Punch             |       |     1 ||     1
 Armour: Chain mail        |    96 |    10 ||   106
  Dodge: Dodged            |    47 |     4 ||    51

Table legend: (Time is in decaauts)
 A = Elapsed time spent in this place.
 B = Non-inter-level travel time spent in this place.
 C = Inter-level travel time spent in this place.
 D = Time resting spent in this place.
 E = Time spent auto-exploring this place.
 F = Levels seen in this place.
 G = Mean time per level.
                   A        B        C        D        E       F      G
               +--------+--------+--------+--------+--------+-----+--------+
         Total |   1809 |   1700 |    109 |     12 |   1340 |   3 |  603.0 |
       Dungeon |   1809 |   1700 |    109 |     12 |   1340 |   3 |  603.0 |
               +--------+--------+--------+--------+--------+-----+--------+

Top non-repeatable levels by time:
     D:1: 926 daAuts
     D:2: 834 daAuts
     D:3: 48 daAuts
